 Dungeon Crawl Stone Soup version 0.24-a0-170-gd8427f5 (webtiles) character file.

Game seed: 6205876225632895999

130 Hybris the Skirmisher (level 5, -1/47 HPs)
             Began as a Hill Orc Fighter on Mar 10, 2019.
             Blown up by Ijyb (10 damage)
             ... with a wand of disintegration (11)
             ... on level 3 of the Dungeon.
             The game lasted 00:04:55 (2549 turns).

Hybris the Skirmisher (Hill Orc Fighter)            Turns: 2549, Time: 00:04:55

Health: -1/47      AC:  8    Str: 20    XL:     5   Next: 13%
Magic:  5/5        EV:  7    Int:  8    God:
Gold:   160        SH:  9    Dex: 10    Spells: 4/4 levels left

rFire    . . .     SeeInvis .   a - +0 long sword
rCold    . . .     Gourm    .   c - +0 shield
rNeg     . . .     Faith    .   b - +0 scale mail
rPois    .         Spirit   .   m - +0 helmet
rElec    .         Reflect  .   (no cloak)
rCorr    .         Harm     .   (no gloves)
MR       .....                  (no boots)
Stlth    ..........             h - amulet of rage
HPRegen  0.15/turn              (no ring)
MPRegen  0.09/turn              (no ring)

@: no status effects
A: no striking features
a: Evoke Berserk Rage


You were on level 3 of the Dungeon.
You were hungry.

You visited 1 branch of the dungeon, and saw 3 of its levels.

You collected 160 gold pieces.

Inventory:

Hand Weapons
 a - a +0 long sword (weapon)
Armour
 b - a +0 scale mail (worn)
 c - a +0 shield (worn)
 m - a +0 helmet (worn)
Jewellery
 h - an amulet of rage (around neck)
Scrolls
 e - 2 scrolls of enchant armour {unknown}
 g - 2 scrolls of remove curse {unknown}
 i - 6 scrolls of enchant weapon {unknown}
 j - 4 scrolls of identify {unknown}
 l - 2 scrolls of teleportation {unknown}
 p - 4 scrolls of blinking {unknown}
Potions
 d - a potion of might
 k - a potion of haste {unknown}
 n - a potion of curing {unknown}
 o - a potion of resistance {unknown}
Comestibles
 f - 4 rations


   Skills:
 + Level 4.8 Fighting
 * Level 4.8 Long Blades
 - Level 3.2 Armour
 - Level 3.2 Shields


You had 4 spell levels left.
You didn't know any spells.
Your spell library was empty.

Dungeon Overview and Level Annotations

Branches:
Dungeon (3/15)

Altars:

Annotations:
D:3 Ijyb


Message History

You block Ijyb's attack.
Your shield prevents you from hitting Ijyb.
Ijyb is almost dead.
You block Ijyb's attack. Ijyb hits you but does no damage.
You hit Ijyb.
Ijyb is almost dead.
Ijyb screams, "Me very upset!"
You block Ijyb's attack.
You miss Ijyb.
Ijyb is almost dead.
Ijyb zaps a wand.
You are blasted!
* * * LOW HITPOINT WARNING * * *
You are too injured to fight recklessly!
You are too injured to fight recklessly!
You are too injured to fight recklessly!
Okay, then.
You hit Ijyb but do no damage.
Ijyb is almost dead.
Ijyb hits you but does no damage.
Ijyb zaps a wand.
You are blasted!
You die...

#.# #.# ###### #.#
### #.# # #.# #.. #.#
# #.###### #.# #.# #
#......## #.# ###.#.#
# #..###..#
#.#....... ## #..#
#..# #.#...#.# #.
#<.###..#####.......#
#.
#[(..........@g.....#
###.
#.#####.#####.......#
##... #.......#
###..$########....
#########
...##..........
####.#.##.....
#.#.##.##.#
#.#..#.##.#
#.##.#.##.#
#.##.#.##..


You could see Ijyb.

Vanquished Creatures
  Robin (D:3)
  A gnoll (D:2)
  An adder (D:2)
  A worm (D:3)
  2 dart slugs (D:1)
  3 leopard geckos
  6 orcs (D:3)
  A ball python (D:1)
  11 bats
  19 goblins
  4 hobgoblins
  8 jackals
  2 quokkas
  4 frilled lizards
  9 kobolds
  5 rats
78 creatures vanquished.

Notes
Turn   | Place    | Note
-------+----------+-------------------------------------------
     0 | D:1      | Hybris the Hill Orc Fighter began the quest for the Orb.
     0 | D:1      | Reached XP level 1. HP: 19/19 MP: 1/1
   209 | D:1      | Reached XP level 2. HP: 27/27 MP: 2/2
   661 | D:1      | Reached XP level 3. HP: 33/33 MP: 3/3
  1317 | D:2      | Reached XP level 4. HP: 41/41 MP: 4/4
  1755 | D:3      | Noticed a gnoll sergeant
  2177 | D:3      | Noticed Robin
  2224 | D:3      | Killed Robin
  2224 | D:3      | Reached XP level 5. HP: 31/47 MP: 5/5
  2528 | D:3      | Noticed Ijyb
  2549 | D:3      | Blown up by Ijyb

Levels and vault maps discovered:
D:1:      lemuel_arrival_funnel, layout_basic
D:2:      layout_rooms, serial_rivers, chequers_serial_rivers_marsh,
          chequers_serial_rivers_room_a, chequers_serial_rivers_small_3,
          chequers_serial_rivers_small_3, chequers_serial_rivers_micro_b
D:3:      layout_loops_cross, first_ration, chequers_serial_rivers_micro_b,
          uniq_ijyb, uniq_robin

Skill      XL: |  1  2  3  4 |
---------------+-------------+-----
Long Blades    | 3 4 |  4.8
Fighting       | 4 |  4.8
Armour         | |  3.2
Shields        | |  3.2

Action                   |  1- 3 |  4- 6 || total
-------------------------+-------+-------++-------
Melee: Long sword        |   127 |   157 ||   284
 Abil: Evoke Berserk Rag |       |     1 ||     1
  Use: Potion            |     1 |       ||     1
  Eat: Chunk             |     1 |     5 ||     6
Armor: Scale mail        |    96 |    52 ||   148
Dodge: Dodged            |    48 |    32 ||    80
Block: Shield            |    69 |    88 ||   157
       Rpst.: Long sword |    12 |    10 ||    22

Table legend:
 A = Non-vault XP
 B = Vault XP
 C = Vault XP percentage of total XP
 D = Non-vault monster count
 E = Vault monster count
 F = Vault count percentage of total count
                 A         B        C        D         E       F
            +---------+---------+-------+---------+---------+-------
      Total |     148 |      38 |  20.4 |      65 |      13 |  16.7
            +---------+---------+-------+---------+---------+-------
        D:1 |      52 |       0 |   0.0 |      27 |       0 |   0.0
        D:2 |      55 |       0 |   0.0 |      20 |       0 |   0.0
        D:3 |      41 |      38 |  48.1 |      18 |      13 |  41.9
            +---------+---------+-------+---------+---------+-------
